Cogmind - Beta 11 X8 @@@ ROGUE MODE // 2021.10.21 @ 21:38:55 Player: Plexion Result: Destroyed by Y-45 Defender with Heavy Assault Rifle Performance ------------- Evolutions (2) 1000 Regions Visited (6) 1200 Robots Destroyed (30) 150 Value Destroyed (758) 758 Prototype IDs (30) 600 Alien Tech Used (0) 0 Bonus (195) 195 TOTAL SCORE: 3903 Bonus ------- Aligned with FarCom 300 Friendly Fire -105 Cogmind --------- Core Integrity 0/550 Matter 47/300 Energy 99/100 System Corruption 1% Temperature Cool (9) Movement Core (50) Location -8/Materials Parts ------- > --- POWER (1) -------- (None) > --- PROPULSION (4) --- (None) > --- UTILITY (4) ------ (None) > --- WEAPON (2) ------- (None) > --- INVENTORY (5) ---- Transport Network Coupler Improved Assault Rifle Enhanced Autogun Enhanced Autogun 8R-AWN's Boregun Peak State ------------ > --- POWER ------------ Ion Engine > --- PROPULSION ------- Advanced Treads Advanced Myomer Leg Advanced Myomer Leg Armored Wheel > --- UTILITY ---------- Experimental Heat Sink High-capacity Storage Unit Salvage Targeting Computer Hardened Medium Armor Plating > --- WEAPON ----------- Enhanced Autogun Enhanced Autogun > --- INVENTORY -------- Heat Sink Transport Network Coupler Improved Targeting Computer Advanced Weapon Cycler AS-neutralizer No. 17b Medium Laser Improved Assault Rifle Improved Assault Rifle 8R-AWN's Boregun Light Cannon Grenade Launcher Plasma Cutter [Rating: 46] Favorites ----------- Power Improved Ion Engine Engine Improved Ion Engine Propulsion Light Treads Treads Light Treads Leg Advanced Myomer Leg Wheel Compact Wheel Utility Heat Sink Device Heat Sink Storage Large Storage Unit Processor Improved Targeting Computer Protection Light Armor Plating Weapon Enhanced Autogun Energy Gun Medium Laser Ballistic Gun Enhanced Autogun Ballistic Cannon Light Cannon Launcher Grenade Launcher Build | -11 -10 -9 -9 -9 -8 -8 ------- Run | Scr Mat Mat Min Exi Min Mat Slots Evolved 4 | . . 2 . . . 2 Power . | . . . . . . . Propulsion 2 | . . 1 . . . 1 Utility 2 | . . 1 . . . 1 Weapon . | . . . . . . . Parts Attached 57 | 6 8 12 2 20 5 4 Power 5 | 1 1 1 1 1 . . Engine 5 | 1 1 1 1 1 . . Core . | . . . . . . . Reactor . | . . . . . . . Propulsion 15 | 2 3 2 . 6 1 1 Treads 5 | . 1 1 . 2 . 1 Leg 2 | . . . . 2 . . Wheel 8 | 2 2 1 . 2 1 . Hover . | . . . . . . . Flight . | . . . . . . . Utility 15 | 1 2 2 1 8 . 1 Device 8 | . 1 1 1 5 . . Storage 3 | 1 1 . . 1 . . Processor 2 | . . 1 . 1 . . Hackware . | . . . . . . . Protection 2 | . . . . 1 . 1 Artifact . | . . . . . . . Weapon 22 | 2 2 7 . 5 4 2 Energy Gun 5 | . 2 . . 2 . 1 Energy Cannon . | . . . . . . . Ballistic Gun 12 | 2 . 5 . 3 2 . Ballistic Cannon 1 | . . 1 . . . . Launcher 4 | . . 1 . . 2 1 Special Weapon . | . . . . . . . Impact Weapon . | . . . . . . . Slashing Weapon . | . . . . . . . Piercing Weapon . | . . . . . . . Special Melee Weapon . | . . . . . . . Unidentified Prototypes 7 | . . 2 . 5 . . Parts Lost 11 | . 3 . . 5 1 2 Power 1 | . . . . 1 . . Propulsion 5 | . 1 . . 3 1 . Utility 1 | . . . . 1 . . Weapon 4 | . 2 . . . . 2 Highest Loss Streak 5 | . 3 . . 5 1 2 Average Slot Usage (%) 94 | . 93 94 100 97 100 63 Engine 11 | . 14 11 11 10 11 7 Treads 9 | . 4 11 11 15 . 3 Leg 3 | . . . . 1 22 7 Wheel 17 | . 23 22 22 15 11 7 Device 9 | . 10 11 11 7 11 7 Storage 11 | . 14 11 11 11 11 7 Processor 8 | . . 6 11 11 11 7 Protection 1 | . . . . 2 . 6 Energy Gun 2 | . 8 1 . 1 . . Ballistic Gun 18 | . 17 18 22 20 19 9 Naked Turns 33 | . . . . . . 33 Heaviest Build 59 | 12 31 35 34 56 51 59 Greatest Support 60 | 20 32 32 28 60 60 60 Greatest Overweight (x) 4 | . 2 1 1 3 . 4 Average Overweight (x) . | . . . 1 . . . Largest Inventory Capacity 20 | 8 15 15 15 20 20 20 Average Capacity 16 | 6 12 15 15 18 20 16 Most Carried 15 | 4 6 15 15 15 12 14 Average Carried 11 | 2 4 9 15 14 11 10 Final Capacity 20 | 8 15 15 15 20 20 5 Final Carried 15 | 4 4 15 15 12 12 5 Class Distribution -------------------- 79% | Mutant 20% | Scavenger-Mutant Dominant Class ---------------- Mutant | -10/Materials Scavenger-Mutant | -9/Materials Mutant | -9/Mines Mutant | -9/Exiles Mutant | -8/Mines Mutant | -8/Materials Resources | -11 -10 -9 -9 -9 -8 -8 ----------- Run | Scr Mat Mat Min Exi Min Mat Matter Collected 905 | 238 128 243 12 120 164 . Remotely . | . . . . . . . Salvage Created 1112 | . 348 396 99 120 149 . Parts 75 | . 23 29 5 7 11 . Haulers Intercepted 2 | . . 2 . . . . Recyclers Shooed 5 | . 3 1 . . . 1 Parts Field Recycled . | . . . . . . . Retrieved Matter . | . . . . . . . Parts Self-Destructed . | . . . . . . . Prevented . | . . . . . . . Kills | -11 -10 -9 -9 -9 -8 -8 ------- Run | Scr Mat Mat Min Exi Min Mat Combat Hostiles Destroyed 24 | . 7 7 2 1 7 . Guns 16 | . 7 4 2 1 2 . Cannons 1 | . . 1 . . . . AOE 7 | . . 2 . . 5 . Classes Destroyed 9 | . 2 5 1 . 1 . Worker 1 | . . 1 . . . . Hauler 2 | . . 2 . . . . Recycler 2 | . 1 1 . . . . Operator 1 | . . 1 . . . . Swarmer 7 | . . 3 . . 4 . Grunt 11 | . 7 1 1 . 2 . Brawler 1 | . . . . . 1 . Duelist 1 | . . . 1 . . . Sentry 3 | . . 3 . . . . Best Kill Streak 5 | . 3 5 2 1 4 . Combat Bots Only 4 | . 3 4 2 1 4 . Max Kills in Single Turn 3 | . 1 2 1 1 3 . Gunslinging . | . . . . . . . Exploded 3 | . . 1 . . 3 . Melee . | . . . . . . . Uniques/NPCs Destroyed 1 | . . . . 1 . . 8R-AWN (-9/Exiles) Combat | -11 -10 -9 -9 -9 -8 -8 -------- Run | Scr Mat Mat Min Exi Min Mat Damage Taken 2729 | . 467 165 29 935 167 966 Core 863 | . 94 28 29 132 27 553 Absorbed by Shields . | . . . . . . . Core Remaining (%) 69 | 100 62 . . . 46 . Volleys Fired 114 | . 42 19 3 37 11 2 Largest 2 | . 2 2 2 2 2 1 Hottest 115 | . 115 85 50 115 50 30 Shots Fired 207 | . 75 33 6 74 17 2 Gun 193 | . 75 26 6 74 12 . Cannon 5 | . . 5 . . . . Launcher 9 | . . 2 . . 5 2 Special . | . . . . . . . Kinetic 163 | . 61 26 6 58 12 . Thermal 35 | . 14 5 . 16 . . Explosive 9 | . . 2 . . 5 2 Electromagnetic . | . . . . . . . Robot Hit Streak 13 | . 12 6 7 13 1 . Robot Miss Streak 3 | . 2 2 2 3 2 2 Penetration Max . | . . . . . . . Secondary Targets 2 | . . . 1 . 1 . Max Gunslinging Chain 1 | . . . 1 . 1 . Shots Hit Robots 148 | . 56 20 4 61 7 . Core Hits 63 | . 22 15 3 13 10 . Critical Kills . | . . . . . . . Critical Parts Destroyed 1 | . 1 . . . . . Critical Strikes 4 | . 2 . . 2 . . Burn 2 | . 1 . . 1 . . Destroy 2 | . 1 . . 1 . . Melee Attacks . | . . . . . . . Impact . | . . . . . . . Slashing . | . . . . . . . Piercing . | . . . . . . . Sneak Attacks . | . . . . . . . Combat Hostiles . | . . . . . . . Follow-up Attacks . | . . . . . . . Damage Inflicted 2597 | . 509 515 69 991 368 145 Guns 1905 | . 509 249 69 991 87 . Cannons 72 | . . 72 . . . . Explosions 596 | . . 194 . . 281 121 Melee . | . . . . . . . Ramming 24 | . . . . . . 24 Kinetic 1650 | . 392 295 69 807 87 . Thermal 327 | . 117 26 . 184 . . Explosive 596 | . . 194 . . 281 121 Electromagnetic . | . . . . . . . Impact . | . . . . . . . Slashing . | . . . . . . . Piercing . | . . . . . . . Highest Corruption 1 | . . . . . . 1 Average Corruption 1 | . . . . . . 1 Corruption Purged . | . . . . . . . Overload Shots . | . . . . . . . Overflow Damage 28 | . . 8 . . 20 . Projectiles . | . . . . . . . Explosions 28 | . . 8 . . 20 . Melee . | . . . . . . . Knockbacks . | . . . . . . . Impact . | . . . . . . . Kinetic . | . . . . . . . Secondary . | . . . . . . . Self-Inflicted Damage 64 | . . . . . 32 32 Shots 2 | . . . . . 1 1 Rammed 5 | . . . . . . 5 Targets Rammed 5 | . . . . . . 5 Kicked . | . . . . . . . Crushed . | . . . . . . . Highest Temperature 110 | . 36 1 . 110 . . Average Temperature 50 | . 14 1 . 67 . . Received Heat Transfer 738 | . 303 30 . . 54 351 Siege Activations . | . . . . . . . Robots Corrupted . | . . . . . . . Combat Hostiles . | . . . . . . . Parts Fried . | . . . . . . . Impact Corruptions . | . . . . . . . Robots Melted . | . . . . . . . Combat Hostiles . | . . . . . . . Parts Melted . | . . . . . . . Heat Transferred 616 | . 407 74 . 135 . . Parts Sabotaged . | . . . . . . . Parts Stolen . | . . . . . . . Parts Stripped . | . . . . . . . Power Chain Reactions . | . . . . . . . Missiles Intercepted . | . . . . . . . Alert | -11 -10 -9 -9 -9 -8 -8 ------- Run | Scr Mat Mat Min Exi Min Mat Peak Influence 304 | . 148 304 168 . 201 142 Initial 118 | . . 62 118 . . 78 Average 120 | . 84 148 167 . 130 93 Maximum Alert Level 1 | . . 1 . . 1 . Low Security (%) 89 | 100 100 71 100 . 83 100 Level 1 10 | . . 28 . . 16 . Level 2 . | . . . . . . . Level 3 . | . . . . . . . Level 4 . | . . . . . . . Level 5 . | . . . . . . . High Security . | . . . . . . . Max Security . | . . . . . . . Squads Dispatched 2 | . 1 . . . . 1 Investigation 1 | . 1 . . . . . Extermination . | . . . . . . . Reinforcement 1 | . . . . . . 1 Assault . | . . . . . . . Garrison . | . . . . . . . Intercept . | . . . . . . . Construction Impeded . | . . . . . . . Haulers Reinforced . | . . . . . . . Active Scanning Responses . | . . . . . . . Cargo Convoy Interrupts . | . . . . . . . Stealth | -11 -10 -9 -9 -9 -8 -8 --------- Run | Scr Mat Mat Min Exi Min Mat Distress Signals 1 | . . . . . . 1 Communications Jammed . | . . . . . . . Distress Signals . | . . . . . . . Times Spotted 48 | . 11 10 1 1 8 17 Peak Tracking Total 16 | . 4 6 1 2 4 16 Tactical Retreats . | . . . . . . . Traps | -11 -10 -9 -9 -9 -8 -8 ------- Run | Scr Mat Mat Min Exi Min Mat Traps Triggered 1 | . 1 . . . . . Indirectly . | . . . . . . . Trap Hack Attempts . | . . . . . . . Triggered . | . . . . . . . Disarmed . | . . . . . . . Reprogrammed . | . . . . . . . Reused . | . . . . . . . Traps Extracted . | . . . . . . . Installed . | . . . . . . . Triggered . | . . . . . . . Exploded 1 | . . . . 1 . . Machines | -11 -10 -9 -9 -9 -8 -8 ---------- Run | Scr Mat Mat Min Exi Min Mat Machines Disabled 2 | . . . . 1 . 1 Max in Single Turn 1 | . . . . 1 . 1 Machines Sabotaged . | . . . . . . . Garrisons Compromised . | . . . . . . . Overloaded Fab Kills . | . . . . . . . Hacking | -11 -10 -9 -9 -9 -8 -8 --------- Run | Scr Mat Mat Min Exi Min Mat Machines Accessed 9 | . 2 1 . 5 . 1 Terminals 3 | . 2 1 . . . . Fabricators . | . . . . . . . Repair Stations . | . . . . . . . Recycling Units . | . . . . . . . Scanalyzers 1 | . . . . . . 1 Garrison Access . | . . . . . . . Total Hacks 38 | . 4 2 . 28 . 4 Successful 35 | . 3 2 . 28 . 2 Failed 3 | . 1 . . . . 2 Catastrophic . | . . . . . . . Database Lockouts . | . . . . . . . Manual 7 | . 4 2 . 1 . . Terminals 6 | . 4 2 . . . . Fabricators . | . . . . . . . Repair Stations . | . . . . . . . Recycling Units . | . . . . . . . Scanalyzers 4 | . . . . . . 4 Garrison Access . | . . . . . . . Terminal Hacks 30 | . 1 1 . 28 . . Record 27 | . . . . 27 . . Zone Layout 2 | . 1 1 . . . . EX-Prototype ID Bank 1 | . . . . 1 . . Fabricator Hacks . | . . . . . . . Repair Station Hacks . | . . . . . . . Recycling Unit Hacks . | . . . . . . . Scanalyzer 2 | . . . . . . 2 Insert Component 2 | . . . . . . 2 Garrison Access Hacks . | . . . . . . . Unauthorized Hacks 3 | . 2 1 . . . . Terminals 3 | . 2 1 . . . . Track 3 | . 2 1 . . . . Fabricators . | . . . . . . . Repair Stations . | . . . . . . . Recycling Units . | . . . . . . . Scanalyzers . | . . . . . . . Garrison Access . | . . . . . . . Data Cores Recovered 1 | . . 1 . . . . Used . | . . . . . . . Hacking Detections 4 | . 2 1 . . . 1 Full Trace Events . | . . . . . . . Feedback Events . | . . . . . . . Feedback Blocked . | . . . . . . . Robot Schematics Acquired . | . . . . . . . Robots Built . | . . . . . . . Authchips . | . . . . . . . Time . | . . . . . . . Total Robot Build Rating . | . . . . . . . Part Schematics Acquired . | . . . . . . . Parts Built . | . . . . . . . Authchips . | . . . . . . . Time . | . . . . . . . Total Part Build Rating . | . . . . . . . Parts Repaired . | . . . . . . . Time . | . . . . . . . Parts Recycled . | . . . . . . . Recycled Matter . | . . . . . . . Retrieved Matter . | . . . . . . . Retrieved Components . | . . . . . . . Parts Scanalyzed 2 | . . . . . . 2 Part Schematics Acquired . | . . . . . . . Parts Damaged . | . . . . . . . Bothacking | -11 -10 -9 -9 -9 -8 -8 ------------ Run | Scr Mat Mat Min Exi Min Mat Used RIF Installer . | . . . . . . . Robots Hacked . | . . . . . . . Non-combat . | . . . . . . . Combat . | . . . . . . . Robot Hacks Applied . | . . . . . . . Relay Couplers Released . | . . . . . . . Robots Rewired . | . . . . . . . Allies Hacked . | . . . . . . . Hacks Repelled . | . . . . . . . Allies | -11 -10 -9 -9 -9 -8 -8 -------- Run | Scr Mat Mat Min Exi Min Mat Total Allies . | . . . . . . . Largest Group . | . . . . . . . Highest-Rated Group . | . . . . . . . Highest-Rated Ally . | . . . . . . . Total Orders . | . . . . . . . Ally Attacks . | . . . . . . . Total Damage . | . . . . . . . Kills . | . . . . . . . Allies Corrupted . | . . . . . . . Allies Melted . | . . . . . . . Intel | -11 -10 -9 -9 -9 -8 -8 ------- Run | Scr Mat Mat Min Exi Min Mat Robot Analysis Total . | . . . . . . . Derelict Logs Recovered . | . . . . . . . Drone Launches . | . . . . . . . Drone Recoveries . | . . . . . . . Exploration | -11 -10 -9 -9 -9 -8 -8 ------------- Run | Scr Mat Mat Min Exi Min Mat Turns Passed 1898 | 45 316 314 199 640 236 148 Spaces Moved 1269 | 41 168 217 173 373 171 126 Core 51 | 3 . . . . . 48 Treads 23 | . 21 . . 2 . . Legs 233 | . . . . 12 171 50 Wheels 962 | 38 147 217 173 359 . 28 Hover . | . . . . . . . Flight . | . . . . . . . Fastest Speed 50 | 50 80 100 110 110 120 50 Average Speed 108 | 77 105 104 110 110 120 100 Slowest Speed 240 | 80 240 115 110 190 120 150 Overloaded Moves . | . . . . . . . Propulsion Burnouts . | . . . . . . . Robots Hopped . | . . . . . . . Cave-ins Triggered . | . . . . . . . Exploration Rate (%) 36 | 3 32 29 42 71 56 25 Regions Visited 6 Branch Regions 3 Pre-discovered Areas 1 | . . . . 1 . . Known Exits Taken . | . . . . . . . Unknown Exits Taken 6 | 1 1 1 1 1 1 . Scrap Searched 2 | . . . . . 2 . Spaces Dug . | . . . . . . . Terrain Destroyed 47 | . . 14 . . 25 8 Melee . | . . . . . . . Projectile . | . . . . . . . AOE 47 | . . 14 . . 25 8 Terrain Rammed . | . . . . . . . Walls Destroyed . | . . . . . . . Machines Disabled . | . . . . . . . Actions | -11 -10 -9 -9 -9 -8 -8 --------- Run | Scr Mat Mat Min Exi Min Mat Total 1631 | 50 242 278 179 549 187 146 Wait 137 | . 20 13 . 104 . . Move 1263 | 40 167 216 172 372 170 126 Hop . | . . . . . . . Pick Up 20 | 4 1 9 . 2 1 3 Fast Attach 23 | 6 3 6 . 6 . 2 Attach 11 | . 2 1 . 7 1 . Detach 16 | . 1 5 . 8 . 2 Swap 23 | . 3 5 2 7 4 2 Drop 19 | . 3 4 2 6 . 4 Fire 114 | . 42 19 3 37 11 2 Melee . | . . . . . . . Ram 5 | . . . . . . 5 Kick . | . . . . . . . Crush . | . . . . . . . Escape Stasis . | . . . . . . . Rewire . | . . . . . . . Trap . | . . . . . . . Miscellaneous . | . . . . . . . Route ------- -11/Scrapyard -10/Materials -9/Materials -9/Mines (discovered 3 exits: *Mat / *Exi / [*Zio]) -9/Exiles (discovered 2 exits: [*Min x2]) -8/Mines -8/Materials History --------- Turn | Location | Event 2 | -11/Scrapyard | Met Revision 17 16 | -11/Scrapyard | Discovered new exit (range 15) 46 | -11/Scrapyard | Entered Materials 289 | -10/Materials | Lost 3 parts (1n2w) 311 | -10/Materials | Build established: Mutant 343 | -10/Materials | Discovered new exit (range 15) 362 | -10/Materials | Entered another Materials area 362 | -9/Materials | Evolved 2 slots: Propulsion x1, Utility x1 634 | -9/Materials | Discovered new exit (range 8) 676 | -9/Materials | Entered Mines 751 | -9/Mines | Discovered new exit (range 4) 801 | -9/Mines | A Derelict revealed a hidden shortcut to a safe place 871 | -9/Mines | Deemed a non-threat by the Exiles lab entrance 871 | -9/Mines | Discovered new exit (range 5) 875 | -9/Mines | Entered Exiles 892 | -9/Exiles | Discovered new exit (range 15) 905 | -9/Exiles | Met 8R-AWN 921 | -9/Exiles | Met EX-HEX 968 | -9/Exiles | Met EX-DEC 988 | -9/Exiles | Learned location of Zion (-7) 1084 | -9/Exiles | Met EX-BIN 1112 | -9/Exiles | Aligned with FarCom system 1113 | -9/Exiles | Given EX-Vault access code 1159 | -9/Exiles | Opened EX-Vault 1182 | -9/Exiles | Warned to stay clear of 0b10 Research branches 1204 | -9/Exiles | Exiles lab attacked by MAIN.C 1259 | -9/Exiles | Discovered new exit (range 10) 1369 | -9/Exiles | Attacked by the Exiles 1461 | -9/Exiles | Destroyed 8R-AWN 1467 | -9/Exiles | Found Prototype Ballistic Gun 1467 | -9/Exiles | Identified 8R-AWN's Boregun 1472 | -9/Exiles | Lost 5 parts (1p3n1u) 1497 | -9/Exiles | Found Prototype Device 1497 | -9/Exiles | Identified AS-neutralizer No. 17b 1515 | -9/Exiles | Entered Mines 1658 | -8/Mines | Core integrity fell below 50% 1737 | -8/Mines | Discovered new exit (range 12) 1751 | -8/Mines | Entered Materials 1751 | -8/Materials | Evolved 2 slots: Propulsion x1, Utility x1 1866 | -8/Materials | Released all parts (7) 1884 | -8/Materials | Core integrity fell below 50% 1897 | -8/Materials | Core integrity fell below 20% 1899 | -8/Materials | Destroyed by Y-45 Defender with Heavy Assault Rifle Last Messages --------------- 01866_ Released Ion Engine. 01866_ Released Hcp. Storage Unit. 01866_ Released Salvage Targeting Computer. 01866_ Released Exp. Heat Sink. 01866_ Released Hrd. Medium Armor Plating. 01866_ Released Adv. Treads. 01869_ Dropped Heat Sink. 01869_ Acquired Imp. Targeting Computer. 01872_ Dropped Imp. Assault Rifle. 01872_ Acquired 8R-AWN's Boregun. 01874_ Dropped Imp. Targeting Computer. 01875_ Acquired Transport Network Coupler. 01882_ K-01 Serf collects debris. 01888_ Slammed into U-05 Engineer. 01888_ Destabilizing: System corrupted (+1). 01889_ K-01 Serf collects debris. 01893_ Critical hit (Burn: +37). 01893_ Slammed into Y-45 Defender. 01896_ T-07 Excavator knocked back. 01899_ Slug penetrates Wall. Map ----- +----------------------------------------------------+ | ???#!!########???????# #??????????????????????? | | ???#! = #??????????????????????? | | ???# ! ######???? ? #??????????????????????? | | ???# #???????? T #??????????????????????? | | ???# #???????? #??????????????????????? | | ???# ######## #??????????????????????? | | ???# ## # ? #??????????????????????? | | ???# ## ?? #??????????????????????? | | ???# ## ??? ????????????????????????? | | ???# ## ????????????????????????????????? | | ???# #? ###/#########?????????????????????? | | ####+##+### ## #?????????????????????? | | [ # ## """"" #?????????????????????? | | = # ## """"""""" #?????????????????????? | | + ## """ """ #?????????????????????? | | !=# / #?????????????????????? | | # ## #?????????????????????? | | +########## ## #?????????????????????? | | ???????#####+##########+####?????????????????????? | | ???????# #????#s#?#######????????????????? | | ???????# """ ! #????# #?# #???????????????? | | ???????# "G" #?###s### """ !#???????????????? | | ???????# " " ##?# Ys # """ #???????????????? | | ???????# !! #??# # """ #???????????????? | | ???????# !! ]#??# k + """ #???????????????? | | ???????# !! #??# @# """ !#???????????????? | | ???????# #??# t% # #???????????????? | | ???????###########??## s ;########???????????????? | | ?????????????????????# s# ??????????????????????? | | ?????????????????????# # ??????????????????????? | | ?????????????????????# s + ??????????????????????? | | ?????????????????????# # ??????????????????????? | | ?????????????????????#s ###?????????????????????? | | ?????????????????????# #???????????????????????? | | ????????????????????? H ????????????????????????? | | ????????????????????? ????????????????????????? | | ???????????????????? ????????????????????????? | | ???????????????????? ????????????????????????? | | ???????????????????## ?????????????????????????? | | ?????????????????????# ??????????????????????????? | | ?????????????????????????????????????????????????? | | ?????????????????????????????????????????????????? | | ?????????????????????????????????????????????????? | | ?????????????????????????????????????????????????? | | ?????????????????????????????????????????????????? | | ?????????????????????????????????????????????????? | | ?????????????????????????????????????????????????? | | ?????????????????????????????????????????????????? | | ?????????????????????????????????????????????????? | | ?????????????????????????????????????????????????? | +----------------------------------------------------+ Best States ------------- Heat Dissipation 57 Energy Generation 12 Energy Capacity 265 Matter Stores 300 Matter Capacity 300 Sight Range 16 Terrain Scan Density 10 Armor Coverage 225 Evasion (%) 55 Targeting Accuracy 6 Recoil Reduction 3 Salvage Targeting 1 Item Schematics ----------------- None Robot Schematics ------------------ None Fabricated ------------ Nothing Alien Tech Used ----------------- None Achievements -------------- None Challenges ------------ None Game ------ Seed MomentumLauncherInjector Manual? 0 Play Time 00:16:26 Cumulative 238.5 hours Start 2021.10.21 @ 21:24:55 End 2021.10.21 @ 21:38:55 Sessions 1 Manual Loads 0 Difficulty Rogue Special Mode None Game No. 314 Rogue 227 Adventurer 87 Explorer 0 Win Type - Total 5 Types 3/0/1/1/0/0/0/0/0 Lore% 70 Gallery% 79 Achievement% 67 Wizard Run 0 Options --------- ASCII 0 Keyboard 1 Movement Numpad Keybinds 0 Fullscreen 1 Font 18/Smallcaps Map View 76x50 Tactical HUD 1 Map Filters NONE Filters NONE Steam 1 RUN: 06e58b82-acf1-49c4-8e32-7d2ceaceaef8